 Dungeon Crawl Stone Soup version 0.27-a0-46-g34d46f0a3f (webtiles) character file.

Game seed: 8959982511279446452

107 robertstho the Chiller (level 4, -2/32 HPs)
             Began as a Gnoll Ice Elementalist on Jan 6, 2021.
             Slain by an adder (3 damage)
             ... on level 5 of the Dungeon.
             The game lasted 00:04:20 (2750 turns).

robertstho the Chiller (Gnoll Ice Elementalist)     Turns: 2750, Time: 00:04:20

Health: -2/32      AC:  2    Str: 10    XL:     4   Next: 85%
Magic:  11/11      EV: 15    Int: 19    God:
Gold:   143        SH:  0    Dex: 15    Spells: 2/13 levels left

rFire    . . .     SeeInvis .   q - +0 dagger (speed)
rCold    . . .     Faith    .   (no shield)
rNeg     . . .     Spirit   .   a - +0 robe
rPois    .         Reflect  .   (no helmet)
rElec    .         Harm     .   (no cloak)
rCorr    .         Rampage  .   (no gloves)
Will     .....                  (no boots)
Stlth    +++.......             (no amulet)
HPRegen  0.10/turn              (no ring)
MPRegen  0.12/turn              (no ring)

@: lethally poisoned (-2 -> -5), about to teleport
A: distributed training, fangs 1, strong nose
a: no special abilities


You were on level 5 of the Dungeon.
You visited 1 branch of the dungeon, and saw 4 of its levels.

You collected 143 gold pieces.

Inventory:

Hand Weapons
 f - a +0 hand axe
 q - a +0 dagger of speed (weapon)
 u - a +0 hunting sling
Missiles
 b - 15 sling bullets
 d - 40 stones
 g - 46 arrows
 i - 8 boomerangs
 p - 43 bolts
 v - 2 throwing nets
Armour
 a - a +0 robe (worn)
 o - a +0 pair of gloves
Jewellery
 w - an uncursed ring of flight {unknown}
Scrolls
 c - 2 scrolls of remove curse {unknown}
 h - 4 scrolls of identify
 j - 2 scrolls of teleportation
 l - 3 scrolls of immolation {unknown}
 n - a scroll of blinking {unknown}
 s - a scroll of enchant armour {unknown}
 t - a scroll of amnesia {unknown}
 y - a scroll of fear {unknown}
Potions
 k - a potion of degeneration {unknown}
 m - 2 potions of ambrosia {unknown}
 r - a potion of resistance {unknown}
 x - a potion of mutation {unknown}


   Skills:
 + Level 1.2 Fighting
 + Level 1.2 Short Blades
 + Level 1.2 Long Blades
 + Level 1.2 Axes
 + Level 1.2 Maces & Flails
 + Level 1.2 Polearms
 + Level 1.2 Staves
 + Level 1.2 Slings
 + Level 1.2 Bows
 + Level 1.2 Crossbows
 + Level 1.2 Throwing
 + Level 1.2 Armour
 + Level 4.7 Dodging
 + Level 4.3 Stealth
 + Level 1.2 Shields
 + Level 1.2 Unarmed Combat
 + Level 5.1 Spellcasting
 + Level 1.0 Conjurations
 + Level 1.0 Hexes
 + Level 1.0 Summonings
 + Level 1.0 Necromancy
 + Level 1.0 Translocations
 + Level 1.0 Transmutations
 + Level 1.0 Fire Magic
 + Level 7.1 Ice Magic
 + Level 1.0 Air Magic
 + Level 1.0 Earth Magic
 + Level 1.0 Poison Magic
 + Level 1.4 Invocations
 + Level 1.2 Evocations


You had 2 spell levels left.
You knew the following spells:

 Your Spells              Type           Power        Failure   Level
a - Freeze                Ice            100%         1%          1
b - Frozen Ramparts       Ice            64%          1%          3
c - Ozocubu's Armour      Ice            32%          1%          3
d - Hailstorm             Conj/Ice       20%          22%         4

Your spell library contained the following spells:

 Spells                   Type           Power        Failure   Level
 Summon Ice Beast         Ice/Summ       20%          22%         4


Dungeon Overview and Level Annotations

Branches:
Dungeon (3/15)

Altars:
Ashenzari
Ru
Vehumet

Annotations:
D:5 Menkaure


Innate Abilities, Weirdness & Mutations

Your experience applies equally to all skills.
You have very sharp teeth.
Your uncanny sense of smell can sniff out nearby items.


Message History

The ice beast hits you. The ice beast freezes you!
You hit the ice beast but do no damage. The ice beast hits you.
The ice beast freezes you.
* * * LOW HITPOINT WARNING * * *
You are too injured to fight recklessly!
You feel better. The ice beast hits you. The ice beast freezes you!
* * * LOW HITPOINT WARNING * * *
As you read the scroll labelled XEPOORCH GIUFU, it crumbles to dust.
It is a scroll of identify.
j - 3 scrolls of teleportation The adder barely misses you.
The ice beast closely misses you.
You feel better. The adder bites you.
* * * LOW HITPOINT WARNING * * *
You are poisoned.
The adder poisons you! The ice beast misses you.
As you read the scroll of teleportation, it crumbles to dust.
You feel strangely unstable.
You feel sick. The adder bites you.
* * * LOW HITPOINT WARNING * * *
The adder bites you.
You die...

##### ###. ..# . #≈≈
≈.# .. #####≈# ≈.##..#
#..##≈# ≈......
#.#..≈#+#≈...#
##.#..≈≈.≈≈.?.+
#........@Y...#
##....#.##S......
##....#.###......
#................
######.....##....##?##
##..##...#......... .#
#....#...#....##... #
##...........#....##
....#........#...#


You could see an ice beast and an adder.

Vanquished Creatures
  A worker ant (D:3)
  3 adders
  An adder skeleton (D:5)
  2 worms
  A leopard gecko (D:2)
  2 orcs (D:3)
  3 giant cockroaches
  2 goblins
  7 hobgoblins
  3 jackals (D:1)
  2 quokkas
  8 bats
  3 frilled lizards
  2 kobolds
  6 rats
46 creatures vanquished.

Notes
Turn   | Place    | Note
-------+----------+-------------------------------------------
     0 | D:1      | robertstho the Gnoll Ice Elementalist began the quest for
                  | the Orb.
     0 | D:1      | Reached XP level 1. HP: 13/13 MP: 6/6
   162 | D:1      | Reached XP level 2. HP: 5/19 MP: 0/7
  1364 | D:2      | Found a broken altar of Ashenzari.
  1373 | D:2      | Reached XP level 3. HP: 23/25 MP: 7/9
  1394 | D:2      | Reached skill level 5 in Spellcasting
  1398 | D:2      | Learned a level 3 spell: Frozen Ramparts
  1402 | D:2      | Learned a level 3 spell: Ozocubu's Armour
  1402 | D:2      | Found a faded altar of an unknown god.
  1586 | D:2      | Reached skill level 1 in Invocations
  1930 | D:2      | Reached skill level 1 in Fighting
  1930 | D:2      | Reached skill level 1 in Short Blades
  1930 | D:2      | Reached skill level 1 in Long Blades
  1930 | D:2      | Reached skill level 1 in Axes
  1930 | D:2      | Reached skill level 1 in Maces & Flails
  1930 | D:2      | Reached skill level 1 in Polearms
  1930 | D:2      | Reached skill level 1 in Staves
  1930 | D:2      | Reached skill level 1 in Slings
  1930 | D:2      | Reached skill level 1 in Bows
  1930 | D:2      | Reached skill level 1 in Crossbows
  1930 | D:2      | Reached skill level 1 in Throwing
  1930 | D:2      | Reached skill level 1 in Armour
  1930 | D:2      | Reached skill level 1 in Shields
  1930 | D:2      | Reached skill level 1 in Unarmed Combat
  1930 | D:2      | Reached skill level 1 in Evocations
  2242 | D:3      | Reached XP level 4. HP: 16/32 MP: 7/11
  2472 | D:3      | Found a radiant altar of Vehumet.
  2522 | D:3      | Reached skill level 1 in Conjurations
  2522 | D:3      | Reached skill level 1 in Hexes
  2522 | D:3      | Reached skill level 1 in Summonings
  2522 | D:3      | Reached skill level 1 in Necromancy
  2522 | D:3      | Reached skill level 1 in Translocations
  2522 | D:3      | Reached skill level 1 in Transmutations
  2522 | D:3      | Reached skill level 1 in Fire Magic
  2522 | D:3      | Reached skill level 1 in Air Magic
  2522 | D:3      | Reached skill level 1 in Earth Magic
  2522 | D:3      | Reached skill level 1 in Poison Magic
  2636 | D:3      | You fall into a shaft and drop 2 floors!
  2636 | D:5      | Entered Level 5 of the Dungeon
  2641 | D:5      | Noticed Menkaure
  2649 | D:5      | Learned a level 4 spell: Hailstorm
  2662 | D:5      | Noticed an ogre
  2668 | D:5      | Found a sacrificial altar of Ru.
  2742 | D:5      | Noticed an ice beast
  2750 | D:5      | HP: 1/32 [adder (4)]
  2750 | D:5      | Slain by an adder

Illustrated notes

Levels and vault maps discovered:
D:1:      dpeg_arrival_signposts, layout_rooms
D:2:      layout_basic, chequers_ecumenical_altar_simple_redux,
          nicolae_ashenzari_panopticon
D:3:      layout_basic, lemuel_doored_altar, elyvilon_altar_5, st_stairs_3,
          chequers_serial_rivers_room_b
D:5:      kennysheep_kobold_camp, layout_cave_pools, okawaru_altar_gauntlet_db,
          nicolae_ru_awakened_eye, serial_shops, kennysheep_mini_moat,
          nicolae_shop_behind_doors, nicolae_shop_statue_plus,
          nicolae_shop_behind_doors, uniq_menkaure

Skill      XL: |  1  2  3  4 |
---------------+-------------+-----
Spellcasting   | 5 |  5.1
Invocations    | 1 |  1.4
Fighting       | 1 |  1.2
Short Blades   | 1 |  1.2
Long Blades    | 1 |  1.2
Axes           | 1 |  1.2
Maces & Flails | 1 |  1.2
Polearms       | 1 |  1.2
Staves         | 1 |  1.2
Slings         | 1 |  1.2
Bows           | 1 |  1.2
Crossbows      | 1 |  1.2
Throwing       | 1 |  1.2
Armour         | 1 |  1.2
Shields        | 1 |  1.2
Unarmed Combat | 1 |  1.2
Evocations     | 1 |  1.2
Conjurations   | 1 |  1.0
Hexes          | 1 |  1.0
Summonings     | 1 |  1.0
Necromancy     | 1 |  1.0
Translocations | 1 |  1.0
Transmutations | 1 |  1.0
Fire Magic     | 1 |  1.0
Air Magic      | 1 |  1.0
Earth Magic    | 1 |  1.0
Poison Magic   | 1 |  1.0
Dodging        | |  4.7
Stealth        | |  4.3
Ice Magic      | |  7.1

Action                   |  1- 3 |  4- 6 || total
-------------------------+-------+-------++-------
Melee: Hand axe          |    16 |       ||    16
       Dagger            |    65 |    21 ||    86
       Bite              |     5 |       ||     5
 Cast: Freeze            |    18 |     6 ||    24
       Frozen Ramparts   |     4 |     2 ||     6
  Use: Potion            |     1 |     2 ||     3
       Scroll            |       |     2 ||     2
 Stab: Sleeping          |     9 |     3 ||    12
Armor: Robe              |    15 |       ||    15
Dodge: Dodged            |    63 |    10 ||    73

Table legend: (Time is in decaauts)
 A = Elapsed time spent in this place.
 B = Non-inter-level travel time spent in this place.
 C = Inter-level travel time spent in this place.
 D = Time resting spent in this place.
 E = Time spent auto-exploring this place.
 F = Levels seen in this place.
 G = Mean time per level.
                   A        B        C        D        E       F      G
               +--------+--------+--------+--------+--------+-----+--------+
         Total |   2723 |   2640 |     83 |      0 |   2262 |   4 |  680.8 |
       Dungeon |   2723 |   2640 |     83 |      0 |   2262 |   4 |  680.8 |
               +--------+--------+--------+--------+--------+-----+--------+

Top non-repeatable levels by time:
     D:2: 1260 daAuts
     D:1: 912 daAuts
     D:3: 437 daAuts
     D:5: 112 daAuts
